Map: Deathaura LE

Players

EnDerr - Winner!

  • Race: Zerg Zerg
  • Spawn Location: 11:00

Ranger

  • Race: Protoss Protoss
  • Spawn Location: 5:00

Event: DreamHack SC2 Masters 2020 Winter

VOD

Have the link to the VOD?

Description

Time

  • Played on: Oct. 16, 2020, 7:06 a.m.
  • Length: 11:20

All games in this series

Show
View Real Time Build Order
Export as new Build Order

EnDerr Zerg - Winner!

Build Orders: Pool First 

Get SALT Encoding   

  12  0:00  Drone  
  13  0:12  Overlord  
  13  0:17  Drone  
  14  0:30  Drone x2  
  16  0:41  Spawning Pool  
  15  0:44  Drone  
  15  0:47  Drone  
  17  0:50  Extractor  
  17  0:56  Drone  
  17  1:07  Drone  
  18  1:27  Queen  
  18  1:30  Zergling x4  
  22  1:36  Hatchery  
  21  1:44  Overlord  
  21  1:59  Metabolic Boost  
  21  2:02  Drone x2  
  23  2:11  Drone  
  24  2:25  Hatchery  
  23  2:31  Drone  
  23  2:35  Drone  
  25  2:38  Drone x2  
  25  2:39  Drone  
  28  2:47  Zergling x2  
  28  2:51  Pneumatized Carapace  
  29  2:56  Drone  
  30  2:59  Drone x2  
  32  3:14  Spore Crawler  
  32  3:17  Spore Crawler  
  30  3:23  Drone x3  
  30  3:24  Drone  
  36  3:30  Extractor, Overlord  
  36  3:31  Extractor, Queen  
  38  3:36  Queen x2  
  41  3:46  Zergling x2  
  42  3:50  Spore Crawler  
  42  3:51  Drone, Spore Crawler  
  42  3:52  Zergling x2  
  42  3:53  Zergling x6  
  45  3:58  Zergling x4  
  47  4:03  Drone x3  
  49  4:20  Overlord x3  
  49  4:30  Lair  
  49  4:40  Drone x8  
  55  4:46  Drone  
  55  4:47  Drone x5  
  60  4:54  Drone, Roach Warren  
  60  4:55  Evolution Chamber  
  60  4:56  Drone x2  
  61  5:03  Drone x4  
  65  5:10  Drone x2  
  65  5:13  Drone  
  66  5:19  Drone x2  
  66  5:20  Drone x2  
  70  5:24  Zerg Melee Weapons Level 1  
  70  5:28  Extractor x2  
  69  5:29  Extractor x2  
  69  5:30  Hatchery  
  69  5:32  Overlord  
  65  5:36  Overlord x4  
  65  5:54  Drone x5, Extractor  
  65  5:56  Drone  
  70  6:00  Queen  
  70  6:03  Drone  
  70  6:04  Drone x2  
  75  6:05  Zergling x12  
  75  6:06  Spire  
  80  6:13  Queen  
  80  6:15  Zergling x4  
  84  6:22  Overlord  
  84  6:26  Drone x3  
  84  6:28  Drone x7  
  80  6:56  Queen  
  80  7:04  Spore Crawler  
  80  7:05  Extractor  
  76  7:12  Overlord  
  74  7:18  Mutalisk x2  
  74  7:19  Mutalisk x3  
  74  7:20  Mutalisk x2  
  74  7:21  Mutalisk x2  
  74  7:22  Mutalisk x2  
  96  7:24  Mutalisk  
  96  7:26  Zerg Flyer Weapons Level 1, Zergling x2  
  96  7:27  Zergling x10  
  100  7:30  Zergling x2  
  100  7:31  Zergling x4  
  100  7:33  Overseer  
  100  7:35  Queen  
  100  7:36  Mutalisk  
  105  7:40  Zergling x2  
  105  7:44  Mutalisk  
  108  7:45  Zergling x2  
  108  7:47  Mutalisk  
  111  7:52  Overlord x3  
  111  8:07  Mutalisk x2  
  111  8:08  Mutalisk  
  111  8:11  Drone x3  
  111  8:12  Drone x6  
  126  8:15  Mutalisk  
  126  8:16  Hatchery  
  125  8:21  Mutalisk  
  125  8:22  Mutalisk  
  125  8:23  Zergling x2  
  130  8:28  Mutalisk  
  129  8:39  Mutalisk  
  125  8:44  Mutalisk  
  125  8:50  Overlord x2  
  125  8:51  Mutalisk x2  
  125  8:54  Zergling x12  
  131  8:59  Extractor  
  131  9:02  Overlord  
  130  9:03  Overlord x3  
  130  9:10  Corruptor  
  130  9:11  Corruptor x2  
  130  9:12  Zergling x8  
  130  9:15  Zergling x4  
  142  9:19  Zergling x4  
  144  9:28  Mutalisk x3  
  144  9:30  Zergling x4  
  152  9:32  Zergling x20  
  162  9:40  Corruptor  
  162  9:41  Mutalisk  
  162  9:44  Zergling x2  
  167  9:46  Zergling x4  
  167  9:52  Mutalisk  
  169  9:56  Mutalisk  
  169  9:58  Zergling x20  
  183  10:01  Overlord  
  183  10:03  Mutalisk  
  183  10:05  Mutalisk  
  183  10:10  Mutalisk  
  183  10:11  Mutalisk  
  173  10:14  Corruptor  
  173  10:19  Corruptor  
  171  10:26  Corruptor  
  171  10:29  Zergling x2  
  171  10:30  Zergling x14  
  176  10:40  Zergling x18  
  176  10:42  Zergling x2  
  175  10:47  Mutalisk  
  175  10:48  Zergling x8  
  175  10:49  Zergling x2  
  176  10:55  Mutalisk  
  176  10:56  Mutalisk  
  179  10:58  Zergling x2  
Show
View Real Time Build Order
Export as new Build Order

Ranger Protoss 

Build Orders: 1 Gate Expand, Oracle Opening 

Get SALT Encoding   

  12  0:00  Probe  
  13  0:12  Probe  
  14  0:17  Pylon  
  14  0:24  Probe (Chrono Boost)  
  15  0:37  Probe (Chrono Boost)  
  15  0:38  Gateway  
  16  0:45  Probe (Chrono Boost)  
  16  0:46  Assimilator  
  17  0:51  Probe  
  18  1:03  Probe  
  19  1:15  Probe  
  20  1:24  Nexus  
  20  1:32  Cybernetics Core  
  20  1:36  Probe  
  21  1:42  Pylon  
  21  1:49  Assimilator  
  21  1:51  Probe  
  22  1:59  Zealot (Chrono Boost)  
  24  2:03  Probe  
  25  2:15  Probe  
  25  2:17  Adept (Chrono Boost)  
  25  2:22  Warp Gate  
  28  2:28  Probe  
  29  2:32  Stargate  
  28  2:37  Probe (Chrono Boost)  
  28  2:42  Adept  
  32  2:44  Probe (Chrono Boost)  
  32  2:49  Probe (Chrono Boost)  
  33  2:54  Probe (Chrono Boost)  
  33  2:55  Probe (Chrono Boost)  
  35  3:03  Probe  
  35  3:04  Gateway, Probe  
  37  3:15  Probe  
  37  3:17  Oracle (Chrono Boost)  
  38  3:21  Probe  
  40  3:27  Probe  
  40  3:32  Assimilator  
  40  3:33  Probe  
  42  3:35  Assimilator  
  42  3:36  Pylon  
  42  3:40  Probe  
  43  3:45  Probe  
  43  3:46  Void Ray  
  44  3:52  Probe  
  49  3:59  Nexus  
  49  4:01  Pylon  
  49  4:05  Probe x2  
  51  4:10  Sentry  
  51  4:13  Robotics Facility  
  53  4:19  Pylon  
  53  4:23  Probe (Chrono Boost)  
  53  4:24  Probe (Chrono Boost)  
  55  4:27  Void Ray  
  55  4:28  Zealot  
  57  4:33  Probe (Chrono Boost)  
  57  4:35  Probe (Chrono Boost)  
  63  4:38  Adept  
  65  4:47  Probe  
  65  4:48  Probe  
  67  4:54  Twilight Council  
  67  4:55  Forge, Sentry  
  67  4:59  Probe  
  70  5:09  Void Ray (Chrono Boost)  
  70  5:11  Observer (Chrono Boost), Probe x2  
  70  5:13  Probe  
  78  5:22  Gateway  
  78  5:23  Probe  
  78  5:24  Gateway  
  78  5:25  Shield Battery, Probe  
  80  5:28  Probe  
  80  5:29  Pylon  
  80  5:35  Immortal  
  85  5:47  Protoss Ground Weapons Level 1  
  85  5:49  Blink  
  86  5:50  Pylon  
  86  5:51  Pylon  
  86  5:52  Probe x2  
  86  5:53  Pylon  
  87  5:58  Probe  
  88  6:04  Probe  
  89  6:17  Probe (Chrono Boost)  
  89  6:18  Probe x2 (Chrono Boost)  
  92  6:19  Assimilator  
  92  6:21  Assimilator  
  92  6:23  Stalker x2  
  92  6:25  Gateway  
  96  6:26  Gateway  
  96  6:28  Photon Cannon  
  96  6:30  Gateway, Probe x2 (Chrono Boost)  
  96  6:32  Gateway  
  98  6:36  Pylon, Probe (Chrono Boost)  
  99  6:46  Zealot x2  
  101  6:47  Sentry x2  
  105  7:00  Probe x3  
  104  7:09  Immortal (Chrono Boost)  
  104  7:12  Probe  
  104  7:13  Probe  
  110  7:32  Zealot  
  110  7:33  Zealot  
  110  7:34  Stalker x5  
  124  7:38  Pylon  
  124  7:45  Pylon  
  124  7:46  Warp Prism, Pylon  
  124  7:49  Pylon  
  124  7:50  Gateway  
  118  7:52  Phoenix (Chrono Boost)  
  118  7:53  Gateway  
  118  7:55  Stargate  
  117  7:59  Pylon  
  117  8:00  Photon Cannon  
  117  8:02  Photon Cannon  
  117  8:05  Photon Cannon, Stalker  
  110  8:06  Stalker x3  
  110  8:08  Phoenix  
  110  8:10  Photon Cannon  
  108  8:22  Stalker  
  108  8:23  Stalker x2  
  108  8:26  Pylon  
  114  8:30  Stalker  
  114  8:31  Stalker  
  114  8:33  Phoenix (Chrono Boost)  
  117  8:39  Stalker  
  117  8:40  Stalker  
  109  8:44  Stalker  
  109  8:45  Phoenix (Chrono Boost)  
  111  8:49  Probe x2  
  108  8:59  Phoenix (Chrono Boost)  
  108  9:01  Photon Cannon  
  110  9:04  Photon Cannon  
  110  9:05  Probe x2  
  110  9:09  Templar Archives  
  112  9:12  Probe  
  112  9:17  Phoenix (Chrono Boost)  
  115  9:18  Sentry  
  115  9:19  Sentry  
  115  9:24  Phoenix (Chrono Boost)  
  121  9:32  Fleet Beacon  
  121  9:33  Nexus  
  121  9:35  Pylon  
  121  9:36  Phoenix (Chrono Boost)  
  123  9:42  Assimilator  
  123  9:44  Phoenix (Chrono Boost)  
  123  9:47  Assimilator  
  125  9:54  High Templar x4  
  125  9:59  Archon  
  131  10:00  Archon  
  131  10:01  Stalker x2  
  127  10:08  Zealot  
  127  10:09  Zealot  
  127  10:12  Immortal (Chrono Boost)  
  97  10:15  Phoenix (Chrono Boost)  
  91  10:23  Phoenix (Chrono Boost)  
  91  10:24  Zealot x2  
  91  10:27  Zealot  
  91  10:28  Zealot x2  
  96  10:31  Zealot  
  79  10:36  Zealot  
  79  10:37  Zealot  
  79  10:39  Shield Battery  
  71  10:47  High Templar x2, Phoenix (Chrono Boost)  
  63  10:53  Archon  
  63  10:54  Zealot x2  
Tags
 
Add a new tag
Caveats
  • Supply blocks, unpowered buildings, or Contaminate may cause inaccurate times.
  • Supply counts are checked every 10 seconds.